 Dungeon Crawl Stone Soup version 0.18.1-50-g88ac8fd (webtiles) character file.

5787 Gorglomux the Spear-Bearer (level 10, -3/96 HPs)
             Began as a Tengu Berserker on Oct 29, 2016.
             Was a High Priest of Trog.
             Slain by a troll (13 damage)
             ... on level 9 of the Dungeon.
             The game lasted 00:23:35 (9581 turns).

Gorglomux the Spear-Bearer (Tengu Berserker)        Turns: 9581, Time: 00:23:37

Health: -3/96      AC: 10    Str: 25    XL:     10   Next: 79%
Magic:  11/11      EV: 12    Int:  8    God:    Trog [*****.]
Gold:   463        SH:  0    Dex: 14    Spells: 0 memorised, 9 levels left

rFire  . . .     SeeInvis .     C - +0 halberd (flame)
rCold  . . .     Gourm    .     D - +0 chain mail
rNeg   . . .     Faith    .     (shield currently unavailable)
rPois  .         Spirit   .     (helmet restricted)
rElec  .         Dismiss  .     (no cloak)
rCorr  .         Reflect  .     (no gloves)
SustAt .         Harm     .     (boots unavailable)
MR     .....                    (no amulet)
Stlth  ..........               (no ring)
                                (no ring)

@: berserking, very quick, not resistant to hostile enchantments, extremely
unstealthy
A: beak, talons 3, able to fly 1
a: Fly, Berserk, Trog's Hand, Brothers in Arms, Burn Spellbooks, Renounce
Religion


You were on level 9 of the Dungeon.
You worshipped Trog.
Trog was extremely pleased with you.
You were hungry.

You visited 1 branch of the dungeon, and saw 9 of its levels.
You also visited: Ossuary and Bailey.

You collected 528 gold pieces.
You spent 65 gold pieces at shops.

Inventory:

Hand Weapons
 a - a +0 spear
 C - a +0 halberd of flaming (weapon)
Missiles
 I - 41 tomahawks of returning (quivered)
 L - 4 silver tomahawks
Armour
 b - a +0 animal skin
 D - a +0 chain mail (worn)
Wands
 E - a wand of random effects (33/48)
 F - a wand of disintegration (10/24)
Scrolls
 d - 7 scrolls of teleportation
 e - 6 scrolls of remove curse {unknown}
 f - 3 scrolls of immolation {unknown}
 g - 15 scrolls of identify
 h - a scroll of enchant weapon {unknown}
 i - 2 scrolls of recharging {unknown}
 k - a scroll of enchant armour {unknown}
 p - 3 scrolls of random uselessness {unknown}
 r - 5 scrolls of magic mapping {unknown}
 u - 2 scrolls of fear {unknown}
 w - 2 scrolls of amnesia {unknown}
 y - 3 scrolls of noise {unknown}
 A - 2 scrolls of blinking {unknown}
 H - a scroll of fog {unknown}
Potions
 j - a potion of cure mutation {unknown}
 l - 4 potions of haste {unknown}
 n - 3 potions of ambrosia {unknown}
 o - 2 potions of flight {unknown}
 q - 7 potions of curing {unknown}
 s - a potion of berserk rage
 v - 2 potions of magic {unknown}
 x - 2 potions of might {unknown}
 z - a potion of mutation {unknown}
 M - a potion of degeneration {unknown}
Books
 N - a book of Fire

   Spells                             Type                      Level
   a - Ignite Poison                  Fire/Transmutation/Poison    3
   b - Fireball                       Conjuration/Fire             5
   c - Bolt of Fire                   Conjuration/Fire             6
   d - Delayed Fireball               Conjuration/Fire             7
   e - Ring of Flames                 Charms/Fire                  7
   Trog disapproves of the use of such an item.
Comestibles
 c - 4 bread rations
 m - 5 chunks of flesh
 t - 4 meat rations
 B - 2 beef jerkies
 J - 2 royal jellies
 K - a fruit


   Skills:
 + Level 7.9 Fighting
 * Level 11.6 Polearms
 + Level 3.7 Throwing
 - Level 7.0 Armour
 - Level 7.0 Dodging


You had 9 spell levels left.
You didn't know any spells.

Dungeon Overview and Level Annotations

Branches:
Dungeon (9/15)             Temple (0/1) D:5
   Lair: D:8-11         Orc: D:9-12

Altars:
Fedhas
Gozag
Okawaru
Qazlal

Shops:
D:4 *   D:5 *


Innate Abilities, Weirdness & Mutations

You have a beak for a mouth.
You have claws for feet.
You can fly.


Message History

You puncture the yak! You burn the yak. You claw the yak, but do no damage.
The yak is almost dead.
The yak barely misses you. The yak gores you.
You puncture the yak! You burn the yak.
You kill the yak!
Trog accepts your kill. The yak gores you.
You hit the yak. You burn the yak.
The yak is lightly wounded.
The yak gores you. The yak gores you!
* * * LOW HITPOINT WARNING * * *
The yak barely misses you.
You are too injured to fight recklessly!
A red film seems to cover your vision as you go berserk!
You feel yourself moving faster!
You feel mighty!
You are feeling hungry.
The yak gores you.
* * * LOW HITPOINT WARNING * * *
The yak closely misses you. The troll bites you!
You die...

#######....'(......
#.......#.......
#.......#.......
#.......########
#.......# . #.......###
... ####.#....#
(.)..#######.#.##.######
.....YY@................
####..YYT......##.######
....................##
#################.#..#
####.##.### #..........
####..#.### #..#..
#......


You could see 4 yaks and a troll.

Vanquished Creatures
  The ghost of aggelon the Nimble, a novice TrBe of Trog (D:8)
  A yak (D:9)
  Menkaure (D:4)
  2 sky beasts (D:8)
  9 orc warriors
  2 ice beasts
  3 ogres
  A phantom (D:7)
  5 centaurs
  16 big kobolds
  2 giant frogs
  5 howler monkeys (D:7)
  2 crimson imps
  2 centaur zombies (D:6)
  A hound (D:4)
  5 orc priests
  2 giant frog skeletons
  9 orc wizards
  2 iguanas (D:7)
  Ijyb (D:3)
  Natasha (thrice) (D:4)
  2 worker ants (D:6)
  5 ogre zombies (Ossuary)
  2 hound skeletons
  7 mummies (Ossuary)
  2 howler monkey skeletons
  14 adders
  7 gnolls
  A shadow imp (D:8)
  2 oozes
  5 adder zombies (Ossuary)
  An adder skeleton (D:9)
  3 worms
  2 dart slugs
  6 giant geckos
  38 orcs
  10 bats
  10 giant cockroaches
  9 goblins
  8 hobgoblins
  8 jackals
  48 kobolds
  4 quokkas
  10 giant newts
  5 goblin zombies (Ossuary)
  2 hobgoblin zombies (Ossuary)
  2 jackal skeletons
  A kobold zombie (Ossuary)
  A quokka skeleton (D:4)
  5 quokka zombies
  9 rats
  8 rat zombies (Ossuary)
312 creatures vanquished.

Notes
Turn   | Place    | Note
--------------------------------------------------------------
     0 | D:1      | Gorglomux the Tengu Berserker began the quest for the Orb.
     0 | D:1      | Reached XP level 1. HP: 14/14 MP: 2/2
   100 | D:1      | Reached XP level 2. HP: 16/19 MP: 3/3
   633 | D:1      | Reached ** piety under Trog
   633 | D:1      | Reached XP level 3. HP: 20/23 MP: 4/4
  1321 | D:2      | Found a faded altar to an unknown god.
  1340 | D:2      | Reached XP level 4. HP: 19/28 MP: 5/5
  1387 | D:2      | Reached skill level 4 in Polearms
  1963 | D:3      | Noticed Ijyb
  1976 | D:3      | Killed Ijyb
  1976 | D:3      | Gained mutation: You can fly. [Tengu growth]
  1976 | D:3      | Reached XP level 5. HP: 16/32 MP: 6/6
  1984 | D:3      | Reached *** piety under Trog
  2511 | D:3      | Reached skill level 5 in Polearms
  2694 | D:3      | Reached XP level 6. HP: 38/38 MP: 7/7
  3289 | D:4      | Noticed Natasha
  3298 | D:4      | Killed Natasha
  3333 | D:4      | Noticed Menkaure
  3346 | D:4      | Killed Menkaure
  3415 | D:4      | Found Veif's General Store.
  3432 | D:4      | Bought a scroll of teleportation for 39 gold pieces
  3432 | D:4      | Bought a scroll of identify for 26 gold pieces
  3445 | D:4      | Reached XP level 7. HP: 36/43 MP: 8/8
  3541 | D:4      | Noticed Natasha
  3554 | D:4      | Killed Natasha
  3633 | D:4      | Reached skill level 6 in Polearms
  3707 | D:4      | Noticed Natasha
  3722 | D:4      | Killed Natasha
  4062 | D:5      | Entered Level 5 of the Dungeon
  4069 | D:5      | Found a staircase to the Ecumenical Temple.
  4102 | D:5      | Found a sand-covered staircase.
  4107 | Ossuary  | Entered an ossuary
  4822 | Ossuary  | Reached XP level 8. HP: 18/48 MP: 9/9
  5117 | Ossuary  | Reached skill level 7 in Polearms
  5167 | Ossuary  | Reached skill level 5 in Dodging
  5382 | D:5      | Reached **** piety under Trog
  5602 | D:5      | Found an opulent altar of Gozag.
  5607 | D:5      | Found Gozag's Platinum Reserve.
  5869 | D:6      | Found a stormy altar of Qazlal.
  5884 | D:6      | Reached skill level 5 in Armour
  5898 | D:6      | Noticed a water elemental
  5898 | D:6      | Noticed an air elemental
  6003 | D:6      | Reached skill level 5 in Fighting
  6226 | D:6      | Reached skill level 8 in Polearms
  6288 | D:6      | Found a blossoming altar of Fedhas.
  6306 | D:6      | Found an iron altar of Okawaru.
  6686 | D:7      | Reached XP level 9. HP: 30/55 MP: 7/10
  6806 | D:7      | Found a flagged portal.
  6824 | Bailey   | Entered a bailey
  7169 | Bailey   | Reached ***** piety under Trog
  7169 | Bailey   | Reached skill level 9 in Polearms
  8269 | D:8      | Received a gift from Trog
  8352 | D:8      | Reached skill level 10 in Polearms
  8388 | D:8      | Reached skill level 1 in Throwing
  8388 | D:8      | Reached XP level 10. HP: 20/61 MP: 11/11
  8716 | D:8      | Noticed aggelon's ghost (novice TrBe)
  8740 | D:8      | Killed aggelon's ghost
  8804 | D:8      | Found a stormy altar of Qazlal.
  8834 | D:8      | Received a gift from Trog
  9159 | D:8      | Reached skill level 11 in Polearms
  9581 | D:9      | Slain by a troll

Skill      XL: |  1  2  3  4  5  6  7  8  9 10 |
---------------+-------------------------------+-----
Dodging        | 3 4 5 7 |  7.0
Polearms       | 4 5 6 8 10 11 | 11.6
Armour         | 3 4 5 7 |  7.0
Fighting       | 4 5 6 7 |  7.9
Throwing       | 1 3 |  3.7

Action                   |  1- 3 |  4- 6 |  7- 9 | 10-12 || total
-------------------------+-------+-------+-------+-------++-------
Melee: Spear             |    91 |   210 |   780 |   205 ||  1286
       Peck              |    18 |    34 |   137 |    40 ||   229
       Kick              |    17 |    50 |   239 |    64 ||   370
       Halberd           |       |       |       |    17 ||    17
Throw: Tomahawk          |       |       |     2 |       ||     2
Invok: Berserk           |     1 |     1 |    13 |     5 ||    20
       Trog's Hand       |       |     3 |     6 |     1 ||    10
       Burn Spellbooks   |       |       |     1 |     1 ||     2
 Abil: Fly               |       |     2 |     9 |     2 ||    13
  Use: Potion            |       |     1 |       |       ||     1
 Stab: Sleeping          |     3 |     2 |     6 |       ||    11
       Distracted        |       |       |     1 |       ||     1
  Eat: Chunk             |     2 |     9 |    28 |     5 ||    44
       Bread ration      |       |       |     1 |       ||     1
       Pizza             |       |       |       |     2 ||     2
Armor: Animal skin       |    10 |    26 |    12 |       ||    48
       Chain mail        |       |       |   151 |    34 ||   185
Dodge: Dodged            |    46 |   103 |   297 |    58 ||   504
